 Dungeon Crawl Stone Soup version 0.31.0-11-ge490571c62 (webtiles) character file.

Game seed: 5058371781819160936

926 qw the Skirmisher (level 7, 0/40 HPs)
             Began as a Deep Elf Hunter on Feb 3, 2024.
             Incinerated by a bombardier beetle (2 damage)
             ... with a burning spray
             ... on level 5 of the Dungeon.
             The game lasted 00:00:13 (3110 turns).

qw the Skirmisher (Deep Elf Hunter)                 Turns: 3110, Time: 00:00:14

Health: 0/40       AC:  7    Str:  9 (10) XL:     7   Next: 85%
Magic:  9/9        EV:  8    Int: 14      God:
Gold:   151        SH:  0    Dex: 16 (18) Spells: 6/6 levels left

rFire   + . .        a - +1 orcbow (drain)
rCold   + + .        (shield currently unavailable)
rNeg    + . .        h - +1 scale mail
rPois   +            (no helmet)
rElec   .            m - scarf of Day {rC+ rF+, rPois rN+ Will+}
rCorr   .            (no gloves)
SInv    .            (no boots)
Will    ++...        (no amulet) Stlth
                     g - ring of willpower
HPRegen 0.26/turn    k - ring of protection from cold
MPRegen 0.11/turn

%: no passive effects
@: on fire, glowing
A: no striking features
a: no special abilities


You were on level 5 of the Dungeon.
You visited 1 branch of the dungeon, and saw 5 of its levels.

You collected 263 gold pieces.
You spent 112 gold pieces at shops.


   Skills:
 + Level 2.8 Fighting
 - Level 12.0 Ranged Weapons
 - Level 1.2 Armour
 - Level 2.4 Dodging
 - Level 1.2 Stealth


You had 6 spell levels left.
You didn't know any spells.
Your spell library was empty.

Inventory:

Hand Weapons
 a - a +1 orcbow of draining (weapon)
 j - a +0 arbalest
Armour
 f - a +2 robe of fire resistance
 h - a +1 scale mail (worn)
 m - the scarf of Day (worn) {rC+ rF+, rPois rN+ Will+}
   (You acquired it on level 3 of the Dungeon)

   rPois:     It protects you from poison rN+: It protects you from negative
   energy.
   Will+:     It increases your willpower.
Jewellery
 g - a ring of willpower (left hand)
 k - a ring of protection from cold (right hand)
Wands
 d - a wand of flame (29)
Scrolls
 b - a scroll of teleportation
Potions
 c - a potion of resistance
 e - a potion of heal wounds
 i - 2 potions of curing
 l - a potion of mutation
 n - a potion of lignification {unknown}

Dungeon Overview and Level Annotations

Branches:
Dungeon (5/15)
 Temple: D:4-7

Altars:
Ashenzari
Gozag
Ru

Shops:
D:1 (   D:3 *


Message History

The bombardier beetle sprays incendiary fluid at you.
The burning spray hits you.
You are covered in liquid fire!
You shoot an arrow. The arrow hits the bombardier beetle.
The bombardier beetle is moderately wounded.
The liquid fire burns you!
You shoot an arrow.
The arrow hits the bombardier beetle but does no damage.
The bombardier beetle is moderately wounded.
The liquid fire burns you!
You shoot an arrow.
The arrow barely misses the bombardier beetle.
The liquid fire burns you!
The bombardier beetle sprays incendiary fluid at you.
The burning spray hits you.
You are even more covered in liquid fire!
You shoot an arrow.
The arrow barely misses the bombardier beetle.
The liquid fire burns you!
The bombardier beetle bites you but does no damage.
You shoot an arrow. The arrow hits the bombardier beetle!
You kill the bombardier beetle!
The liquid fire burns you!
You are on fire!
The liquid fire burns you!
You are on fire!
The liquid fire burns you!
You are on fire!
The liquid fire burns you!
You are on fire!
The liquid fire burns you!
You are on fire!
The liquid fire burns you!
You are on fire!
The liquid fire burns you!
You are on fire!
The liquid fire burns you!
You are on fire!
The liquid fire burns you!
You die...

#........# .....
#.[......# ....
.# #........#
...
...########'##
... #....#####.#
#..........#
#.###...####
#.#.###.#.##
#.....@%#..#
..#######.#....#
#.....#.####.#
#.#.#J#.# #
....#)#.)ยค#
..#.#.#.#.#
#.#.....#.#
#.#######.# ..
.. .##


There were no monsters in sight!

Vanquished Creatures
  Menkaure (D:4)
  A black bear (D:4)
  A phantom (D:5)
  A bullfrog (D:5)
  A jelly (D:5)
  A howler monkey (D:5)
  2 bombardier beetles (D:5)
  2 hounds (D:5)
  2 orc priests
  2 iguanas (D:4)
  3 orc wizards
  8 adders
  6 dart slugs
  14 orcs
  6 endoplasms
  A giant cockroach (D:2)
  6 hobgoblins
  4 quokkas
  5 ball pythons
  6 bats
  6 frilled lizards
  7 goblins
  9 kobolds
  4 rats
99 creatures vanquished.

Notes
Turn   | Place    | Note
-------+----------+-------------------------------------------
     0 | D:1      | qw the Deep Elf Hunter began the quest for the Orb.
     0 | D:1      | Reached XP level 1. HP: 12/12 MP: 3/3
     0 | D:1      | 0 ||| qw: Version: 0.3-a-158-g18b3111
     0 | D:1      | 0 ||| qw: Game counter: 4059
     0 | D:1      | 0 ||| qw: Melee chars always use a shield: true
     0 | D:1      | 0 ||| qw: God list: Okawaru
     0 | D:1      | 0 ||| qw: Allow faded altars: false
     0 | D:1      | 0 ||| qw: Do Orc after clearing Dungeon:15 true
     0 | D:1      | 0 ||| qw: Do second Lair branch before Depths: true
     0 | D:1      | 0 ||| qw: Lair rune preference: random
     0 | D:1      | 0 ||| qw: Goals: Normal
     0 | D:1      | 0 ||| PLANNING D:1-11
    81 | D:1      | Reached skill level 6 in Ranged Weapons
    81 | D:1      | Reached XP level 2. HP: 11/16 MP: 4/4
   348 | D:1      | Reached XP level 3. HP: 17/20 MP: 5/5
   437 | D:1      | Found Puron's Weapon Shop.
   456 | D:1      | 456 ||| UPGRADING to +0 scale mail.
   466 | D:1      | 466 ||| DROPPING +0 leather armour.
   467 | D:1      | 467 ||| UPGRADING to ring of willpower.
   468 | D:1      | 468 ||| READING 2 scrolls labelled ORPHEB PO KIXT.
   468 | D:1      | 468 ||| IDENTIFYING metallic green potion
   469 | D:1      | 469 ||| READING scroll of identify.
   469 | D:1      | 469 ||| IDENTIFYING clear potion
   470 | D:1      | 470 ||| DRINKING 2 bubbling yellow potions.
   471 | D:1      | 471 ||| DROPPING scroll of butterflies.
   472 | D:1      | 472 ||| DROPPING potion of magic.
   620 | D:2      | Reached skill level 7 in Ranged Weapons
   660 | D:2      | 660 ||| SWAPPING to +0 arbalest.
   661 | D:2      | 661 ||| DROPPING +0 shortbow.
   677 | D:2      | Found a sacrificial altar of Ru.
   746 | D:2      | 746 ||| FLEEEEING.
  1140 | D:2      | 1140 ||| UPGRADING to ring of protection from cold.
  1141 | D:2      | 1141 ||| READING scroll labelled JUEFEWKEPNE.
  1142 | D:2      | 1142 ||| READING scroll labelled FUUXKAO MIVUOPT.
  1146 | D:2      | 1146 ||| READING scroll labelled KODAISHRIENT.
  1146 | D:2      | 1146 ||| ENCHANTING +0 scale mail.
  1147 | D:2      | 1147 ||| READING scroll labelled YSUHUB YMINEL.
  1147 | D:2      | Identified a scroll of acquirement
  1147 | D:2      | 1147 ||| ACQUIRING +1 orcbow of draining
  1147 | D:2      | Acquired a +1 orcbow of draining
  1149 | D:2      | 1149 ||| SWAPPING to +1 orcbow of draining.
  1150 | D:2      | 1150 ||| READING scroll labelled KUITAN BANGUK.
  1151 | D:2      | 1151 ||| DRINKING 2 golden potions.
  1210 | D:3      | Reached XP level 4. HP: 19/25 MP: 6/6
  1248 | D:3      | Reached skill level 8 in Ranged Weapons
  1387 | D:3      | 1387 ||| READING scroll of acquirement.
  1387 | D:3      | 1387 ||| ACQUIRING +2 robe of fire resistance
  1387 | D:3      | Acquired a +2 robe of fire resistance
  1458 | D:3      | Reached XP level 5. HP: 29/29 MP: 7/7
  1459 | D:3      | Found a broken altar of Ashenzari.
  1547 | D:3      | Found Sisenwa's General Store.
  1556 | D:3      | 1556 ||| BUYING potion of mutation (112 gold).
  1556 | D:3      | Bought a potion of mutation for 112 gold pieces
  1556 | D:3      | 1556 ||| SHOPLISTING ring of poison resistance (280 gold,
                  | have 47).
  1732 | D:3      | 1732 ||| READING scroll of acquirement.
  1732 | D:3      | 1732 ||| ACQUIRING scarf of Day {rC+ rF+, rPois rN+ Will+}
  1732 | D:3      | Acquired the scarf of Day {rC+ rF+, rPois rN+ Will+}
  1734 | D:3      | 1734 ||| UPGRADING to scarf of Day {rC+ rF+, rPois rN+
                  | Will+}.
  1934 | D:3      | 1934 ||| READING scroll of identify.
  1934 | D:3      | 1934 ||| IDENTIFYING viscous yellow potion
  1935 | D:3      | 1935 ||| READING scroll labelled AGGOAX GIEK.
  1936 | D:3      | 1936 ||| READING scroll labelled ZAFUQU INEL.
  1937 | D:3      | 1937 ||| DROPPING potion of attraction.
  1984 | D:4      | Noticed a black bear
  1987 | D:4      | Killed a black bear
  1988 | D:4      | Reached skill level 9 in Ranged Weapons
  1988 | D:4      | Reached XP level 6. HP: 34/34 MP: 8/8
  2163 | D:4      | Reached skill level 1 in Armour
  2445 | D:4      | Noticed Menkaure
  2449 | D:4      | Killed Menkaure
  2450 | D:4      | Reached skill level 10 in Ranged Weapons
  2450 | D:4      | Reached XP level 7. HP: 40/40 MP: 9/9
  2479 | D:4      | Found an opulent altar of Gozag.
  2760 | D:4      | 2760 ||| READING scroll labelled BOGEVV IBROUTI.
  2761 | D:4      | 2761 ||| DRINKING 2 fuming white potions.
  2762 | D:4      | 2762 ||| DROPPING potion of degeneration.
  2786 | D:5      | Entered Level 5 of the Dungeon
  3003 | D:5      | Reached skill level 11 in Ranged Weapons
  3038 | D:5      | Reached skill level 12 in Ranged Weapons
  3105 | D:5      | HP: 10/40 [burnt (3)]
  3109 | D:5      | HP: 2/40 [burnt (3)]
  3110 | D:5      | Incinerated by a bombardier beetle

Levels and vault maps discovered:
D:1:      dreamdust_arrival_sigmund_warning, layout_rooms, serial_shops,
          nicolae_shop_trees
D:2:      layout_loops_ring, basic_altar
D:3:      layout_loops_ring, lemuel_doored_altar, serial_shops, shop,
          nicolae_elevator_lobby_asterisk
D:4:      layout_loops_ring, general_overflow_altar, uniq_menkaure
D:5:      layout_basic, nicolae_ru_the_path_less_chosen,
          minmay_temple_entry_enclosed_plants, minmay_checkerbox

Skill      XL: |  1  2  3  4  5  6  7 |
---------------+----------------------+-----
Ranged Weapons | 6 7 8 9 10 12 | 12.0
Fighting       | 2 |  2.8
Armour         | 1 |  1.2
Dodging        | |  2.4
Stealth        | |  1.2

Action                     |  1- 3 |  4- 6 |  7- 9 || total
---------------------------+-------+-------+-------++-------
   Fire: Shortbow          |    87 |       |       ||    87
         Arbalest          |    32 |       |       ||    32
         Orcbow            |     8 |   116 |    47 ||   171
    Use: Scroll            |     7 |     5 |     1 ||    13
         Potion            |     2 |       |     1 ||     3
 Armour: Leather armour    |    15 |       |       ||    15
         Scale mail        |    37 |    51 |    31 ||   119
  Dodge: Dodged            |    33 |    24 |    14 ||    71

Table legend:
 A = Non-vault XP
 B = Vault XP
 C = Vault XP percentage of total XP
 D = Non-vault monster count
 E = Vault monster count
 F = Vault count percentage of total count
                 A         B        C        D         E       F
            +---------+---------+-------+---------+---------+-------
      Total |     915 |     409 |  30.9 |      94 |       5 |   5.1
            +---------+---------+-------+---------+---------+-------
        D:1 |      45 |       0 |   0.0 |      24 |       0 |   0.0
        D:2 |      47 |       0 |   0.0 |      14 |       0 |   0.0
        D:3 |     150 |       0 |   0.0 |      26 |       0 |   0.0
        D:4 |     368 |     172 |  31.9 |      25 |       1 |   3.8
        D:5 |     305 |     237 |  43.7 |       5 |       4 |  44.4
            +---------+---------+-------+---------+---------+-------
